 Dungeon Crawl Stone Soup version 0.27-a0-1149-g4505690ab0 (webtiles) character file.

Game seed: 9846605298732097827

308 Sobieck the Chopper (level 6, -28/47 HPs)
             Began as a Formicid Fighter on May 13, 2021.
             Annihilated by an ogre
             ... wielding a +0 giant club
              (29 damage)
             ... on level 5 of the Dungeon.
             The game lasted 00:07:40 (1852 turns).

Sobieck the Chopper (Formicid Fighter)              Turns: 1852, Time: 00:07:41

Health: -28/47     AC:  6    Str: 22    XL:     6   Next: 68%
Magic:  6/6        EV:  8    Int:  8    God:
Gold:   56         SH:  9    Dex: 10    Spells: 5/5 levels left

rFire    . . .     SeeInvis +   a - +0 war axe {axe}
rCold    . . .     Faith    .   c - +0 kite shield
rNeg     . . .     Spirit   .   g - +0 scale mail
rPois    .         Reflect  .   (helmet unavailable)
rElec    .         Harm     .   (no cloak)
rCorr    .         Rampage  .   (no gloves)
Will     .....                  (no boots)
Stlth    ..........             (no amulet)
HPRegen  0.15/turn              (no ring)
MPRegen  0.10/turn              (no ring)

@: no status effects
A: permanent stasis, dig shafts and tunnels, antennae 3, four strong arms
a: Dig, Shaft Self


You were on level 5 of the Dungeon.
You visited 1 branch of the dungeon, and saw 5 of its levels.
You also visited: Sewer.

You collected 56 gold pieces.


Innate Abilities, Weirdness & Mutations

You cannot be hasted, slowed, berserked, paralysed or teleported.
You can dig through walls and to a lower floor.
You have a pair of large antennae on your head. (SInv)
Your four strong arms can wield two-handed weapons with a shield.


   Skills:
 - Level 3.2 Fighting
 + Level 6.6 Axes
 - Level 3.2 Armour
 - Level 3.6 Shields


You had 5 spell levels left.
You didn't know any spells.
Your spell library was empty.

Inventory:

Hand Weapons
 a - a +0 war axe (weapon) {axe}
 b - a +0 hand crossbow {crossbow}
   (You took it off a kobold in a sewer)
 m - a +0 hunting sling {sling}
   (You took it off a goblin on level 3 of the Dungeon)
 o - a +3 dagger {short}
   (You took it off a kobold in a sewer)
Missiles
 f - 44 stones {throwing}
 i - 15 arrows
 j - 6 poisoned darts {throwing}
 l - 6 bolts
Armour
 c - a +0 kite shield (worn)
 g - a +0 scale mail (worn)
Wands
 e - a wand of paralysis (9)
   (You took it off Ijyb on level 3 of the Dungeon)
Scrolls
 n - a scroll of fog {unknown}
Potions
 d - a potion of might
 h - 3 potions of heal wounds {unknown}
 k - 2 potions of brilliance {unknown}
 p - a potion of magic {unknown}

Dungeon Overview and Level Annotations

Branches:
Dungeon (5/15)              Sewer (visited)
 Temple: D:4-7

Altars:

Shops:
D:4 (

Annotations:
D:3 1 runed translucent door, Crazy Yiuf

.######....####
.............. .. .
.........?..#####... ..
#≈≈≈≈≈##.#.......(.
...##≈≈≈≈≈##...<....)(.
...≈≈.....≈≈...........
...≈≈...w.≈≈..#......$.
...≈≈.rO.≈....#........
...≈≈..@.≈≈≈...........
Z..≈≈...?.≈≈..#........
##.##≈≈.§≈##..#........
# #≈≈.oo##....#......
......o............
#.###.(#.......... #.
##.#....#.#. . ........
oo####..#..##..


You could see an ogre, a worm, an orc wizard, a river rat, 2 orcs and a howler
monkey skeleton (wandering).


Message History

There is a gate leading back out of this place here.
There is a gate leading back out of this place here.
There is an empty arch of ancient stone here.
You see here a +0 whip {mace}.
You enter the shallow water.
Moving in this stuff is going to be slow.
You enter the shallow water.
Moving in this stuff is going to be slow.
You enter the shallow water.
Moving in this stuff is going to be slow.
You see here a +0 short sword {short}.
Partly explored, can't reach some places.
You're already here!
You can't go up here!
You enter the shallow water.
Moving in this stuff is going to be slow.
You see here a +0 short sword {short}.
You enter the shallow water.
Moving in this stuff is going to be slow.
You enter the shallow water.
Moving in this stuff is going to be slow.
You enter the shallow water.
Moving in this stuff is going to be slow.
You see here a +0 dagger {short}.
You enter the shallow water.
Moving in this stuff is going to be slow.
You hit the plant.
The plant begins to die.
You hit the plant.
A nearby plant withers and dies.
You completely miss the plant. You hit the plant but do no damage.
You slash the plant!
The plant begins to die.
You slash the plant! You slash the plant!
A nearby plant withers and dies.
You hit the plant.
The plant begins to die.
You slash the plant!
You hear a bark!
You slash the plant!
A nearby plant withers and dies.
A jackal comes into view.
Your shield and scale mail prevent you from hitting the jackal.
The jackal closely misses you.
The jackal bites you but does no damage.
You closely miss the jackal. The jackal barely misses you.
The jackal bites you but does no damage.
You closely miss the jackal. The jackal bites you.
You block the jackal's attack. 😕 HP[-2]
You take 2 damage, and now have 45/47 hp.
You miss the jackal. The jackal misses you. The jackal bites you. 😕 HP[-2]
You take 2 damage, and now have 43/47 hp.
You slash the jackal!
You kill the jackal!
You see here a jackal corpse.
You enter the shallow water.
Moving in this stuff is going to be slow.
You enter the shallow water.
Moving in this stuff is going to be slow.
p - a fuming green potion 😕 HP[+1]
You enter the shallow water.
Moving in this stuff is going to be slow.
You see here a jackal corpse.
You enter the shallow water.
Moving in this stuff is going to be slow. 😕 HP[+1] Partly explored, can't reach some places. 😎 HP[+2]
Your hp is fully restored (47).
Sorry, you can't auto-travel out of here.
You can't go up here!
You enter the shallow water.
Moving in this stuff is going to be slow.
You see here a +0 whip {mace}.
There is an empty arch of ancient stone here.
There is a gate leading back out of this place here.
Welcome back to the Dungeon!
The ogre hits you with a +0 giant club!!
Ouch! That really hurt!
* * * LOW HITPOINT WARNING * * *
The orc wizard casts a spell at you. The magic dart hits you.
* * * LOW HITPOINT WARNING * * *
The river rat bites you but does no damage.
The worm bites you.
* * * LOW HITPOINT WARNING * * *
There is a collapsed entrance, spattered with blood here. 😱 HP[-36]
You take 36 damage, and now have 11/47 hp.
MASSIVE DAMAGE!! (PAUSE)
Okay, then.
The river rat bites you.
* * * LOW HITPOINT WARNING * * *
A howler monkey skeleton comes into view.
The orc wizard points at you and mumbles some strange words.
The puff of flame hits you!
* * * LOW HITPOINT WARNING * * *
The ogre hits you with a +0 giant club!!
Ouch! That really hurt!
You die...

Skill      XL: |  1  2  3  4  5  6 |
---------------+-------------------+-----
Axes           | 5 6 |  6.6
Fighting       | |  3.2
Armour         | |  3.2
Shields        | |  3.6

Action                   |  1- 3 |  4- 6 || total
-------------------------+-------+-------++-------
Melee: War axe           |    21 |   134 ||   155
 Fire: Hunting sling     |       |     7 ||     7
 Abil: Dig               |       |     1 ||     1
Evoke: Wand              |     2 |     2 ||     4
  Use: Scroll            |       |     2 ||     2
Armor: Scale mail        |     7 |    43 ||    50
Dodge: Dodged            |     3 |    49 ||    52
Block: Kite shield       |    13 |    62 ||    75

Levels and vault maps discovered:
D:1:      kb_arrival_jail, layout_basic, chequers_ecumenical_altar_simple,
          minmay_tripent
D:2:      layout_loops_ring
D:3:      layout_loops_cross, uniq_sigmund, uniq_crazy_yiuf_cottage, uniq_ijyb
D:4:      layout_rooms, minitemple, minmay_temple_entry_overgrown, serial_shops,
          kennysheep_little_box, uniq_edmund
D:5:      layout_rooms, cheibrodos_sewer_entry_sluice

Notes
Turn   | Place    | Note
-------+----------+-------------------------------------------
     0 | D:1      | Sobieck the Formicid Fighter began the quest for the Orb.
     0 | D:1      | Reached XP level 1. HP: 18/18 MP: 1/1
     0 | D:1      | magus.rc [v1.9.6]
     2 | D:1      | Noticed an ogre
     2 | D:1      | Noticed a demonspawn
     4 | D:1      | Noticed a dwarf
     6 | D:1      | Noticed a ghoul
     6 | D:1      | Noticed an octopode
     8 | D:1      | Noticed a gargoyle
     8 | D:1      | Noticed a vine stalker
    10 | D:1      | Noticed an elf
    10 | D:1      | Noticed a naga
    12 | D:1      | Noticed a minotaur
    12 | D:1      | Noticed a demigod
    14 | D:1      | Noticed a centaur
    14 | D:1      | Noticed a barachi
    16 | D:1      | Noticed a troll
    18 | D:1      | Noticed a human
    20 | D:1      | Noticed a formicid
    20 | D:1      | Noticed a vampire
    22 | D:1      | Noticed a merfolk
    22 | D:1      | Noticed a spriggan
    24 | D:1      | Noticed a draconian
    24 | D:1      | Noticed a tengu
    26 | D:1      | Noticed a felid
    26 | D:1      | Noticed a palentonga
    88 | D:1      | Reached XP level 2. HP: 14/24 MP: 2/2
   367 | D:3      | Noticed Sigmund
   369 | D:3      | Killed Sigmund
   370 | D:3      | Reached skill level 5 in Axes
   370 | D:3      | Reached XP level 3. HP: 24/29 MP: 3/3
   370 | D:3      | Reached XP level 4. HP: 29/35 MP: 4/4
   370 | D:3      | Reached XP level 5. HP: 34/41 MP: 5/5
   439 | D:3      | Found a runed translucent door.
   440 | D:3      | Noticed Crazy Yiuf
   597 | D:3      | Reached XP level 6. HP: 46/47 MP: 6/6
   664 | D:3      | Noticed Ijyb
   718 | D:3      | Killed Ijyb
   719 | D:3      | Reached skill level 6 in Axes
   897 | D:4      | Found Wois's Weapon Boutique.
   972 | D:5      | Entered Level 5 of the Dungeon
   972 | D:5      | Noticed an ogre
  1096 | D:5      | Found a glowing drain.
  1105 | Sewer    | Entered a sewer
  1851 | D:5      | HP: 11/47 [worm (4)]
  1852 | D:5      | HP: 1/47 [orc wizard/puff of flame (9)]
  1852 | D:5      | Annihilated by an ogre

Vanquished Creatures
  Sigmund (D:3)
  A howler monkey (D:3)
  Ijyb (D:3)
  An iguana (D:4)
  3 adders
  A shadow imp (D:4)
  A dart slug (D:3)
  2 goblins
  4 hobgoblins
  5 jackals (Sewer)
  7 ball pythons
  4 frilled lizards
  9 kobolds
  A rat (D:1)
41 creatures vanquished.

Vanquished Creatures (others)
  23 plants (Sewer)
23 creatures vanquished.

Grand Total: 64 creatures vanquished

Table legend:
 A = Non-vault XP
 B = Vault XP
 C = Vault XP percentage of total XP
 D = Non-vault monster count
 E = Vault monster count
 F = Vault count percentage of total count
                 A         B        C        D         E       F
            +---------+---------+-------+---------+---------+-------
      Total |     139 |     301 |  68.4 |      18 |      23 |  56.1
            +---------+---------+-------+---------+---------+-------
        D:1 |       6 |       3 |  33.3 |       4 |       2 |  33.3
        D:3 |      71 |     244 |  77.5 |      10 |       2 |  16.7
        D:4 |      62 |       0 |   0.0 |       4 |       0 |   0.0
      Sewer |       0 |      54 | 100.0 |       0 |      19 | 100.0
            +---------+---------+-------+---------+---------+-------

Illustrated notes

Table legend:
 A = Kills in this place as a percentage of kills in entire the game.
 B = Kills by you in this place as a percentage of kills by you in the entire game.
 C = Kills by friends in this place as a percentage of kills by friends in the entire game.
 D = Other kills in this place as a percentage of other kills in the entire game.
 E = Experience gained in this place as a percentage of experience gained in the entire game.
 F = Experience gained in this place divided by the number of levels of this place that you have seen.
                   A       B       C       D       E      F
               +-------+-------+-------+-------+-------+----------------------
         Total | 100.0 | 100.0 |   N/A |   N/A | 100.0 |  73.3
       Dungeon |  53.7 |  53.7 |   N/A |   N/A |  87.7 |  77.2
         Sewer |  46.3 |  46.3 |   N/A |   N/A |  12.3 |  54.0
               +-------+-------+-------+-------+-------+----------------------

Table legend: (Time is in decaauts)
 A = Elapsed time spent in this place.
 B = Non-inter-level travel time spent in this place.
 C = Inter-level travel time spent in this place.
 D = Time resting spent in this place.
 E = Time spent auto-exploring this place.
 F = Levels seen in this place.
 G = Mean time per level.
                   A        B        C        D        E       F      G
               +--------+--------+--------+--------+--------+-----+--------+
         Total |   2078 |   1991 |     87 |    367 |    514 |   6 |  346.3 |
       Dungeon |   1142 |   1055 |     87 |    309 |    160 |   5 |  228.4 |
         Sewer |    936 |    936 |      0 |     58 |    354 |   1 |  936.0 |
               +--------+--------+--------+--------+--------+-----+--------+

Top non-repeatable levels by time:
   Sewer: 936 daAuts
     D:3: 523 daAuts
     D:4: 246 daAuts
     D:1: 228 daAuts
     D:2: 127 daAuts
     D:5: 16 daAuts
